 Dungeon Sprint DCSS version 0.20.1-1-g8b1a95d (console) character file.

24 hilaritas the Shield-Bearer (level 2, -2/46 HPs)
             Began as a Troll Fighter on Jan 20, 2018.
             Was a Follower of Uskayaw.
             Slain by a flying skull (7 damage)
             ... in the Dungeon (Sprint VII: "The Pits").
             The game lasted 00:01:23 (205 turns).

hilaritas the Shield-Bearer (Troll Fighter)          Turns: 205, Time: 00:01:24

Health: -2/46      AC:  5    Str: 28    XL:     2   Next: 79%
Magic:  1/1        EV:  8    Int:  4    God:    Uskayaw [*.....]
Gold:   0          SH:  9    Dex:  9    Spells: 1/1 levels left

rFire    . . .     SeeInvis .     - Unarmed
rCold    . . .     Gourm    +   c - +0 shield
rNeg     . . .     Faith    .   b - +0 robe
rPois    .         Spirit   .   (helmet restricted)
rElec    .         Reflect  .   (no cloak)
rCorr    .         Harm     .   (gloves unavailable)
MR       .....     NoTele   +   (boots unavailable)
Stlth    ..........             (no amulet)
Regen    0.6/turn               (no ring)
MPRegen  0.1/turn               (no ring)

@: berserking, very quick
A: unfitting armour, claws 3, fast metabolism 3, gourmand, regeneration 1,
shaggy fur 1, tough skin 2
a: Stomp, Renounce Religion


You were in the Dungeon.
You worshipped Uskayaw.
Uskayaw was noncommittal.
You were very full.

You visited 1 branch

Inventory:

Hand Weapons
 a - a +0 flail
Armour
 b - a +0 robe (worn)
 c - a +0 shield (worn)
Scrolls
 k - a scroll of blinking
 m - 3 scrolls of remove curse
 n - 5 scrolls of amnesia
 o - a scroll of summoning
Potions
 d - a potion of might
 e - a potion of curing
 g - a potion of heal wounds
 h - a potion of haste
 i - 4 potions of magic
 j - 2 potions of berserk rage
 l - 2 potions of invisibility
Comestibles
 f - 9 bread rations
 p - 40 fruits
 q - 7 meat rations
 r - a chunk of flesh


   Skills:
 + Level 3.6 Fighting
 - Level 1.7 Maces & Flails
 - Level 2.4 Dodging
 + Level 3.8 Shields
 * Level 2.6 Unarmed Combat


You had one spell level left.
You didn't know any spells.

Dungeon Overview and Level Annotations

Branches:
Dungeon (1/1)

Altars:
Ashenzari
Cheibriados
Dithmenos
Elyvilon
Fedhas
Gozag
Hepliaklqana
Kikubaaqudgha
Makhleb
Nemelex Xobeh
Okawaru
Qazlal
Ru
Sif Muna
Trog
Uskayaw
Vehumet
Xom
Yredelemnul
Zin
The Shining One
Beogh
Jiyva
Lugonu


Innate Abilities, Weirdness & Mutations

You are too large for most types of armour.
You have claws for hands.
Your metabolism is lightning-fast.
You like to eat raw meat.
Your natural rate of healing is unusually fast.
You are covered in fur. (AC +1)
You have very tough skin. (AC +2)


Message History

You scratch the flying skull but do no damage.
You block the flying skull's attack.
You barely miss the flying skull. The flying skull hits you!
The flying skull hits you.
You don't have enough magic capacity.
You barely miss the flying skull.
The flying skull hits you but does no damage.
The flying skull hits you!
Okay, then.
A red film seems to cover your vision as you go berserk!
You feel yourself moving faster!
You feel mighty! The flying skull hits you.
You miss the flying skull. The flying skull hits you.
* * * LOW HITPOINT WARNING * * *
You can no longer pass through a line of other dancers.
You miss the flying skull. The flying skull barely misses you.
You closely miss the flying skull. The flying skull hits you.
* * * LOW HITPOINT WARNING * * *
You miss the flying skull. You block the flying skull's attack.
The flying skull hits you!
You die...

#_________.#
#__.____...###########+
##########'##..........
#.?(.')))'.##......#..#
##########.##..........
#...........'..........
#+#####'#####......#..#
#..)..##..........
#####'#####'#####+
#.)...##.......#
#@z...##.......#
###'####.......# ....
#...<...#
.....##.......#
z.....##.......#
#########.......#
#########


You could see a flying skull.

Vanquished Creatures
  An adder (D)
  An ooze (D)
  A hobgoblin (D)
  3 jackals (D)
  A kobold (D)
  A quokka (D)
  A quokka skeleton (D)
  A rat (D)
10 creatures vanquished.

Notes
Turn   | Place    | Note
-------+----------+-------------------------------------------
     0 | D        | hilaritas the Troll Fighter began the quest for the Orb.
     0 | D        | Reached XP level 1. HP: 22/22 MP: 0/0
    18 | D        | Reached skill level 1 in Unarmed Combat
    51 | D        | Found a glowing golden altar of the Shining One.
    51 | D        | Found a glowing silver altar of Zin.
    51 | D        | Found a basalt altar of Yredelemnul.
    51 | D        | Found a shimmering altar of Xom.
    51 | D        | Found a bloodstained altar of Trog.
    51 | D        | Found a deep blue altar of Sif Muna.
    51 | D        | Found a sacrificial altar of Ru.
    51 | D        | Found a stormy altar of Qazlal.
    51 | D        | Found an iron altar of Okawaru.
    51 | D        | Found a sparkling altar of Nemelex Xobeh.
    51 | D        | Found a burning altar of Makhleb.
    51 | D        | Found a viscous altar of Jiyva.
    51 | D        | Found a hazy altar of Hepliaklqana.
    51 | D        | Found an opulent altar of Gozag.
    51 | D        | Found a blossoming altar of Fedhas.
    51 | D        | Found a white marble altar of Elyvilon.
    51 | D        | Found a shadowy altar of Dithmenos.
    51 | D        | Found a snail-covered altar of Cheibriados.
    53 | D        | Found a radiant altar of Vehumet.
    53 | D        | Found a corrupted altar of Lugonu.
    53 | D        | Found a roughly hewn altar of Beogh.
    55 | D        | Found an ancient bone altar of Kikubaaqudgha.
    55 | D        | Found a hide-covered altar of Uskayaw.
    55 | D        | Found a shattered altar of Ashenzari.
    66 | D        | Became a worshipper of Uskayaw the Reveler
    88 | D        | Reached * piety under Uskayaw
   173 | D        | Reached XP level 2. HP: 31/31 MP: 1/1
   176 | D        | Reached ** piety under Uskayaw
   182 | D        | Noticed a flying skull
   204 | D        | HP: 4/46 [flying skull (5)]
   205 | D        | Slain by a flying skull

Skill      XL: |  1 |
---------------+----+-----
Unarmed Combat | 2 |  2.6
Fighting       | 3 |  3.6
Shields        | 3 |  3.8
Maces & Flails | |  1.7
Dodging        | |  2.4

Action                   || total
-------------------------++-------
Melee: Unarmed           ||    39
  Use: Potion            ||     1
  Eat: Chunk             ||     6
Armor: Robe              ||     7
Dodge: Dodged            ||     8
Block: Shield            ||    21
